Map: 뉴 리퍼그넌시 - 래더

Players

DnS

  • Race: Protoss Protoss
  • Spawn Location: 1:00

Trust - Winner!

  • Race: Protoss Protoss
  • Spawn Location: 7:00

Event: IEM Season 13: Katowice (2019)

VOD

Have the link to the VOD?

Description

Time

  • Played on: Feb. 26, 2019, 9:04 a.m.
  • Length: 7:49

All games in this series

Show
View Real Time Build Order
Export as new Build Order

DnS Protoss 

Build Orders: Oracle Opening, Phoenix Opening 

Get SALT Encoding   

  12  0:00  Probe  
  13  0:12  Probe  
  14  0:17  Pylon  
  14  0:23  Probe  
  15  0:31  Probe  
  15  0:37  Gateway  
  15  0:40  Probe  
  16  0:46  Assimilator  
  17  0:50  Probe  
  17  0:54  Assimilator  
  18  1:00  Probe  
  19  1:08  Gateway, Probe  
  19  1:17  Probe  
  20  1:24  Cybernetics Core  
  21  1:29  Probe  
  22  1:35  Pylon  
  22  1:41  Probe  
  23  1:53  Probe  
  24  2:00  Warp Gate, Adept x2  
  28  2:08  Pylon  
  28  2:17  Stargate  
  28  2:24  Pylon  
  28  2:26  Pylon  
  28  2:34  Stalker  
  30  2:38  Stalker  
  32  2:45  Shield Battery  
  32  2:51  Oracle  
  35  3:22  Nexus  
  35  3:23  Probe  
  36  3:33  Phoenix  
  36  3:37  Probe  
  37  3:45  Probe, Pylon  
  37  3:55  Probe  
  38  4:01  Stalker  
  35  4:07  Probe  
  31  4:18  Probe  
  28  4:26  Probe  
  29  4:34  Probe  
  30  4:40  Stalker  
  30  4:45  Stalker  
  34  4:49  Probe  
  34  4:51  Probe  
  36  5:05  Probe  
  36  5:06  Sentry  
  39  5:08  Stalker  
  40  5:16  Probe  
  38  5:22  Probe  
  37  5:34  Stalker  
  37  5:35  Probe  
  40  5:37  Probe  
  41  5:43  Stalker  
  41  5:47  Probe  
  45  6:01  Stalker  
  46  6:16  Probe x2  
  41  6:24  Probe x2  
  39  6:26  Adept x2  
  39  6:32  Probe  
  45  6:36  Shield Battery  
  46  6:46  Stalker  
  48  6:49  Sentry  
  48  6:50  Probe  
  48  6:51  Probe  
  42  7:08  Probe  
  42  7:14  Probe  
  44  7:21  Probe  
  43  7:22  Probe  
  43  7:29  Robotics Facility  
  42  7:30  Probe, Stalker x2  
  42  7:33  Probe  
Show
View Real Time Build Order
Export as new Build Order

Trust Protoss - Winner!

Build Orders: Oracle Opening, Blink Stalkers 

Get SALT Encoding   

  12  0:00  Probe  
  13  0:12  Probe  
  14  0:17  Pylon  
  14  0:24  Probe  
  15  0:32  Probe  
  15  0:38  Gateway  
  15  0:40  Probe  
  16  0:46  Assimilator  
  17  0:50  Probe  
  17  0:55  Assimilator  
  18  0:59  Probe  
  19  1:07  Probe  
  19  1:08  Gateway  
  20  1:18  Probe  
  21  1:27  Cybernetics Core  
  21  1:30  Probe  
  22  1:38  Pylon  
  22  1:54  Probe  
  23  2:04  Stargate  
  23  2:10  Stalker  
  23  2:11  Stalker  
  23  2:14  Warp Gate  
  27  2:18  Probe  
  28  2:24  Pylon  
  27  2:37  Oracle  
  30  3:00  Nexus  
  30  3:07  Oracle  
  30  3:13  Shield Battery  
  33  3:27  Pylon  
  33  3:36  Shield Battery  
  33  3:41  Twilight Council  
  33  3:45  Probe  
  34  3:52  Blink  
  34  3:54  Gateway  
  34  3:57  Probe  
  35  4:08  Adept x2  
  34  4:10  Probe  
  30  4:18  Probe  
  30  4:26  Probe  
  31  4:46  Stalker x2  
  31  4:52  Stalker  
  37  5:04  Probe x2  
  39  5:09  Stalker  
  41  5:28  Robotics Facility  
  41  5:30  Stalker x2  
  41  5:35  Stalker  
  43  5:45  Probe x2  
  45  5:55  Stalker x2  
  45  6:20  Observer  
  45  6:22  Probe  
  45  6:23  Stalker x3  
  45  6:24  Probe  
  53  6:31  Probe  
  54  6:36  Probe  
  54  6:39  Probe  
  56  6:40  Pylon  
  53  6:48  Probe  
  53  6:49  Stalker  
  53  6:50  Probe  
  57  6:56  Pylon  
  57  7:00  Probe  
  56  7:03  Probe  
  55  7:14  Stalker x3  
  55  7:15  Probe x2  
  65  7:39  Assimilator  
  65  7:40  Assimilator  

Tags
 
Add a new tag
Caveats
  • Supply blocks, unpowered buildings, or Contaminate may cause inaccurate times.
  • Supply counts are checked every 10 seconds.